 Dungeon Crawl Stone Soup version 0.21-a0-518-g43a1781 (webtiles) character file.

50588 tsouns the Black Belt (level 14, -7/117 HPs)
             Began as a Demonspawn Assassin on Dec 4, 2017.
             Was a High Priest of Lugonu.
             Mangled by a soul eater (10 damage)
             ... summoned by an orc sorcerer
             ... on level 1 of the Orcish Mines.
             The game lasted 00:58:57 (21129 turns).

tsouns the Black Belt (Demonspawn Assassin)        Turns: 21129, Time: 00:58:58

Health: -7/117     AC: 15    Str: 13    XL:     14   Next: 20%
Magic:  16/22      EV: 16    Int: 16    God:    Lugonu [*****.]
Gold:   1656       SH:  3    Dex: 21    Spells: 3/13 levels left

rFire    + + .     SeeInvis .     - Unarmed
rCold    + + .     Gourm    .   (no shield)
rNeg     . . .     Faith    .   R - +2 robe {rC+}
rPois    +         Spirit   .   I - +2 helmet
rElec    .         Reflect  +   d - +2 cloak
rCorr    .         Harm     .   n - +0 pair of gloves of the Invisible Hand {rF+ rC+}
MR       +....                  H - +2 pair of boots
Stlth    +++++.....             C - +3 amulet of reflection
HPRegen  0.29/turn              U - ring of poison resistance
MPRegen  0.18/turn              w - +6 ring of dexterity

@: about to teleport, studying Unarmed Combat, drained
A: claws 2, rugged brown scales 1, fire resistance 1, ignite blood, spiny 2,
flame cloud immunity
a: Depart the Abyss, Bend Space, Banish, Corrupt, Enter the Abyss, Renounce
Religion


You were on level 1 of the Orcish Mines.
You worshipped Lugonu.
Lugonu was extremely pleased with you.
You were not hungry.

You visited 3 branches of the dungeon, and saw 17 of its levels.
You visited the Abyss 1 time.

You collected 1886 gold pieces.
You spent 230 gold pieces at shops.

Inventory:

Hand Weapons
 b - a +0 blowgun
Missiles
 e - 63 poisoned needles
 f - 2 curare-tipped needles
 r - 6 javelins (quivered)
Armour
 d - a +2 cloak (worn)
 n - the +0 pair of gloves of the Invisible Hand (worn) {rF+ rC+}
   (You acquired it on level 1 of the Lair of Beasts)

   It protects you from fire.
   It protects you from cold.
 H - a +2 pair of boots (worn)
 I - a +2 helmet (worn)
 N - a +0 buckler
 R - a +2 robe of cold resistance (worn)
Jewellery
 t - an uncursed ring of positive energy
 w - a +6 ring of dexterity (right hand)
 C - a +3 amulet of reflection (around neck)
 U - a ring of poison resistance (left hand)
Wands
 a - a wand of random effects (73)
 o - a wand of enslavement (11)
 D - a wand of disintegration (15)
 E - a wand of flame (14)
 K - a wand of iceblast (4)
 M - a wand of acid (1)
 W - a wand of paralysis (37)
Scrolls
 i - a scroll of enchant armour
 l - 6 scrolls of amnesia
 q - 3 scrolls of teleportation
 u - 8 scrolls of remove curse
 y - 7 scrolls of magic mapping
 z - a scroll of identify
 F - 4 scrolls of fog
 G - 2 scrolls of enchant weapon
Potions
 c - 3 potions of agility
 h - a potion of brilliance
 j - a potion of curing
 k - 5 potions of flight
 p - a potion of haste
 s - a potion of lignification
 x - 4 potions of ambrosia
 B - 4 potions of cancellation
 J - 2 potions of might
 V - a potion of magic
 Y - 2 potions of mutation
Books
 A - a manual of Unarmed Combat
Miscellaneous
 P - a lightning rod (4/4)
Comestibles
 g - 10 bread rations
 m - 6 meat rations
 v - 19 royal jellies
 Z - 13 fruits


   Skills:
 + Level 11.9(10.9) Fighting
   Level 2.5(1.7) Short Blades
 - Level 1.7(1.0) Throwing
 + Level 5.4(4.7) Dodging
 - Level 11.1(10.2) Stealth
 + Level 15.5(14.5) Unarmed Combat
 + Level 11.7(10.8) Invocations
 + Level 4.4(3.6) Evocations


You had 3 spell levels left.
You knew the following spells:

 Your Spells              Type           Power        Failure   Level  Hunger
a - Swiftness             Chrm/Air       #.......     36%         2    ###....
b - Apportation           Tloc           #.....       26%         1    ##.....
c - Summon Butterflies    Summ           #.......     26%         1    ##.....
d - Invisibility          Hex            #.......     100%        6    #######


Dungeon Overview and Level Annotations

Branches:
Dungeon (9/15)             Temple (0/1) D:7            Lair (6/6) D:9
 Shoals (0/4) Lair:4       Spider (0/4) Lair:4        Slime (0/5) Lair:6
    Orc (2/2) D:9             Elf (0/3) Orc:2

Altars:
Cheibriados
Dithmenos
Kikubaaqudgha
Okawaru
Ru
Sif Muna
Xom
Yredelemnul
Zin

Shops:
D:6 ?   D:8 %   D:9 [

Annotations:
D:4 Duvessa
D:6 2 runed doors
Lair:1 exclusion: oklob plant
Orc:1 corrupted


Innate Abilities, Weirdness & Mutations

You have very sharp fingernails.
You are partially covered in rugged brown scales. (AC +1, +3% HP)
Your flesh is heat resistant. (rF+)
Your demonic aura causes spilled blood to erupt in flames.
You are mostly covered in sharp spines.
You are immune to clouds of flame.


Message History

You feel strangely unstable.
You found a shaft!
The orc shouts!
You hear a shout!
You feel a bit more experienced. The soul eater hits you.
* * * LOW HITPOINT WARNING * * *
You feel drained.
* * * LOW HITPOINT WARNING * * *
Unknown command.
You feel better.
Something hits the orc warrior.
Something shocks the orc warrior!
Something barely misses the orc warrior.
Something hits the orc warrior!
Something shocks the orc warrior!
The orc warrior dies!
The orc warrior misses you.
The orc sorcerer is struck by your spines.
The orc sorcerer hits you but does no damage.
The white imp gestures at you.
The puff of frost hits something.
The soul eater hits you!!
* * * LOW HITPOINT WARNING * * *
You feel drained.
You die...

.....o.....#
.........>.
...o.$....#
..........##
....$$.....#
............##
.......^3....#
........@o..#
.......o).o..#
..#....o#...##
.......o....#
........5...##
......##.....##
.....#5)#.....#
..#..#..3ยง.#...#
....#...........#


You could see a soul eater, an orc sorcerer, 2 orc warriors, a white imp, 4 orcs
and a neutral sixfirhy.

Vanquished Creatures
  Rupert (Lair:3)
  Gastronok (D:8)
  A dire elephant (Lair:6)
  The ghost of Azzok the Marksminotaur, a journeyman MiFi of Okawaru (Lair:3)
  5 hydras
  A catoblepas (Lair:6)
  3 death yaks (Lair:6)
  2 two-headed ogres
  Nergalle (Lair:4)
  A necromancer (Lair:5)
  A lindwurm (Lair:6)
  2 manticores (Lair:6)
  2 black mambas
  11 elephants
  An eye of devastation (Lair:6)
  10 spiny frogs
  4 rime drakes
  8 komodo dragons
  A queen bee (Lair:5)
  3 trolls
  3 meliai (Lair:5)
  A polar bear (Lair:6)
  15 blink frogs
  12 hippogriffs
  11 dream sheep (Lair:6)
  2 redbacks (Lair:4)
  A wraith (D:7)
  4 shadows (D:6)
  21 yaks
  2 wyverns
  8 basilisks
  A hungry ghost (D:8)
  A warg (Orc:2)
  Menkaure (D:4)
  Edmund (D:4)
  2 hell hounds (Lair:6)
  15 water moccasins
  6 porcupines
  6 orc warriors
  3 sky beasts
  3 black bears
  2 eyes of draining
  15 wolves
  4 phantoms
  8 ogres
  2 centaurs
  4 boggarts (Lair:6)
  8 crocodiles
  3 big kobolds
  6 bullfrogs
  An elf skeleton (D:7)
  A wyvern zombie (D:9)
  Dowan (D:4)
  6 scorpions
  A wyvern skeleton (D:9)
  2 troll zombies
  22 killer bees (Lair:5)
  4 electric eels (Lair:2)
  A howler monkey (D:4)
  4 crimson imps
  2 bullfrog zombies
  2 centaur zombies (D:5)
  4 hounds
  6 jellies
  4 orc priests
  A centaur skeleton (D:4)
  23 orc wizards
  2 bullfrog skeletons
  An iguana (D:4)
  2 yak simulacra (Lair:5)
  8 worker ants
  2 polar bear simulacra (Lair:5)
  A killer bee zombie (D:6)
  3 wolf simulacra (Lair:5)
  7 ogre zombies (D:9)
  2 hound skeletons (D:8)
  10 gnolls
  8 adders
  2 shadow imps (D:6)
  A white imp (Orc:1)
  5 oozes (D:8)
  An adder zombie (D:8)
  5 worms
  2 dart slugs
  6 leopard geckos
  46 orcs
  14 bats
  A bat zombie (D:6)
  7 giant cockroaches
  6 goblins
  12 hobgoblins
  10 jackals
  4 quokkas
  2 ball pythons
  7 frilled lizards
  A goblin skeleton (D:9)
  3 goblin zombies (D:9)
  A hobgoblin skeleton (D:9)
  5 hobgoblin zombies (D:9)
  A jackal skeleton (D:8)
  26 kobolds
  2 orc skeletons (D:9)
  13 orc zombies (D:9)
  A quokka zombie (D:4)
  3 rats
  A rat zombie (D:6)
  4 river rat simulacra (Lair:5)
554 creatures vanquished.

Vanquished Creatures (others)
  A stone giant (Orc:1)
  2 orc warriors (Orc:1)
  2 orc priests (Orc:1)
  2 orc wizards (Orc:1)
  10 white imps (Orc:1)
  4 orcs (Orc:1)
  7 fungi
  5 plants
  A starspawn tentacle (Orc:1)
34 creatures vanquished.

Grand Total: 588 creatures vanquished

Notes
Turn   | Place    | Note
-------+----------+-------------------------------------------
     0 | D:1      | tsouns the Demonspawn Assassin began the quest for the Orb.
     0 | D:1      | Reached XP level 1. HP: 16/16 MP: 1/1
    85 | D:1      | Gained mutation: You are partially covered in sharp spines. [demonic ancestry]
    85 | D:1      | Reached XP level 2. HP: 12/23 MP: 2/2
   675 | D:1      | Gained mutation: You are mostly covered in sharp spines. [demonic ancestry]
   675 | D:1      | Reached XP level 3. HP: 24/28 MP: 3/3
  1353 | D:2      | Gained mutation: You have sharp fingernails. [demonic ancestry]
  1353 | D:2      | Reached XP level 4. HP: 35/35 MP: 4/4
  2001 | D:3      | Reached skill level 1 in Unarmed Combat
  2236 | D:3      | Gained mutation: You have very sharp fingernails. [demonic ancestry]
  2236 | D:3      | Reached XP level 5. HP: 31/42 MP: 5/5
  2433 | D:3      | Found a shadowy altar of Dithmenos.
  2435 | D:3      | Found a snail-covered altar of Cheibriados.
  2440 | D:3      | Found a glowing silver altar of Zin.
  2443 | D:3      | Became a worshipper of Dithmenos the Shadowed
  3126 | D:4      | Reached skill level 2 in Unarmed Combat
  3351 | D:4      | Reached XP level 6. HP: 43/50 MP: 6/6
  3420 | D:4      | Reached skill level 5 in Fighting
  3442 | D:4      | Reached skill level 3 in Unarmed Combat
  3466 | D:4      | Noticed Menkaure
  3475 | D:4      | Killed Menkaure
  3475 | D:4      | Reached * piety under Dithmenos
  3721 | D:4      | Reached XP level 7. HP: 56/56 MP: 7/7
  3972 | D:4      | Noticed Dowan
  3974 | D:4      | Noticed Duvessa
  3982 | D:4      | Killed Dowan
  3982 | D:4      | Reached skill level 4 in Unarmed Combat
  4018 | D:4      | Noticed Edmund
  4027 | D:4      | Killed Edmund
  4491 | D:5      | Entered Level 5 of the Dungeon
  4524 | D:5      | Reached skill level 5 in Unarmed Combat
  4541 | D:5      | Reached skill level 5 in Stealth
  4586 | D:5      | Reached XP level 8. HP: 38/64 MP: 8/8
  4869 | D:5      | Found a sacrificial altar of Ru.
  5112 | D:5      | Reached ** piety under Dithmenos
  5344 | D:6      | Reached skill level 6 in Unarmed Combat
  5372 | D:6      | Found a large runed door.
  5372 | D:6      | Found a large runed door.
  5504 | D:6      | Found Qounkor's Magic Scroll Shop.
  5515 | D:6      | Bought a scroll of enchant armour for 82 gold pieces
  5515 | D:6      | Bought a scroll of identify for 22 gold pieces
  5515 | D:6      | Bought a scroll of teleportation for 33 gold pieces
  5515 | D:6      | Bought a scroll of teleportation for 33 gold pieces
  5515 | D:6      | Bought a scroll of identify for 22 gold pieces
  5515 | D:6      | Bought a scroll of magic mapping for 38 gold pieces
  5667 | D:6      | Found a large runed door.
  5667 | D:6      | Found a large runed door.
  5812 | D:6      | Got a pair of jewelled gloves
  5818 | D:6      | Identified the +2 pair of gloves "Ytikhidgh" {-Tele rElec Str+2 Dex+2} (You found it on level 6 of the Dungeon)
  5866 | D:6      | Got a dazzling scimitar
  5867 | D:6      | Identified the +6 scimitar "Fytucaam" {distort, rElec rC+} (You found it on level 6 of the Dungeon)
  5868 | D:6      | Cast into level 2 of the Abyss (a distortion unwield)
  5868 | Abyss:2  | Found a corrupted altar of Lugonu.
  5880 | Abyss:2  | Noticed a tentacled starspawn
  5884 | Abyss:2  | Fell from the grace of Dithmenos
  5884 | Abyss:2  | Became a worshipper of Lugonu the Unformed
  5884 | Abyss:2  | Reached * piety under Lugonu
  5885 | D:6      | Escaped the Abyss
  6080 | D:6      | Found an ancient bone altar of Kikubaaqudgha.
  6157 | D:6      | Gained mutation: You are partially covered in rugged brown scales. (AC +1, +3% HP) [demonic ancestry]
  6157 | D:6      | Reached XP level 9. HP: 57/71 MP: 9/9
  6166 | D:6      | Reached skill level 7 in Unarmed Combat
  6655 | D:7      | Found a staircase to the Ecumenical Temple.
  6813 | D:7      | Found an iron altar of Okawaru.
  7045 | D:7      | Found a deep blue altar of Sif Muna.
  7343 | D:7      | Noticed a shadow demon
  7343 | D:7      | Noticed a shadow demon
  7345 | D:7      | Noticed a hellwing
  7348 | D:7      | Found a basalt altar of Yredelemnul.
  7887 | D:8      | Noticed a purple ugly thing
  7887 | D:8      | Noticed a four-headed hydra
  7887 | D:8      | Noticed a centaur warrior
  8306 | D:8      | Found a shimmering altar of Xom.
  8308 | D:8      | Noticed Gastronok
  8332 | D:8      | Killed Gastronok
  8332 | D:8      | Reached skill level 8 in Unarmed Combat
  8332 | D:8      | Gained mutation: Your flesh is heat resistant. (rF+) [demonic ancestry]
  8332 | D:8      | Reached XP level 10. HP: 26/82 MP: 2/10
  8675 | D:8      | Reached ** piety under Lugonu
  9176 | D:8      | Found Woforaor's Food Shoppe.
  9244 | D:8      | Reached skill level 9 in Unarmed Combat
  9655 | D:9      | Found Rehuyr's Armour Shop.
  9713 | D:9      | Noticed a two-headed ogre
  9734 | D:9      | Killed a two-headed ogre
  9813 | D:9      | Reached skill level 10 in Stealth
  9850 | D:9      | Found a staircase to the Orcish Mines.
 10120 | D:9      | Reached *** piety under Lugonu
 10134 | D:9      | Found a staircase to the Lair.
 10178 | D:9      | Gained mutation: You are immune to clouds of flame. [demonic ancestry]
 10178 | D:9      | Reached XP level 11. HP: 69/91 MP: 11/11
 10399 | D:9      | Noticed a tengu warrior
 11006 | Orc:1    | Entered Level 1 of the Orcish Mines
 11013 | Orc:1    | Noticed a two-headed ogre
 11140 | Orc:1    | Killed a two-headed ogre
 11551 | Orc:2    | Entered Level 2 of the Orcish Mines
 11551 | Orc:2    | Found a staircase to the Elven Halls.
 11601 | Orc:2    | Reached skill level 10 in Unarmed Combat
 11804 | Orc:2    | Reached skill level 10 in Fighting
 11855 | Orc:2    | Reached **** piety under Lugonu
 12020 | Lair:1   | Entered Level 1 of the Lair of Beasts
 12030 | Lair:1   | Noticed a seven-headed hydra
 12044 | Lair:1   | Killed a seven-headed hydra
 12262 | Lair:1   | Identified a scroll of acquirement
 12263 | Lair:1   | Got a pair of twisted gloves
 12269 | Lair:1   | Identified the +0 pair of gloves of the Invisible Hand {rF+ rC+} (You acquired it on level 1 of the Lair of Beasts)
 12287 | Lair:1   | Reached skill level 1 in Dodging
 12579 | Lair:1   | Noticed an oklob plant
 12998 | Lair:2   | Noticed a seven-headed hydra
 13006 | Lair:2   | Killed a seven-headed hydra
 13006 | Lair:2   | Reached skill level 11 in Unarmed Combat
 13104 | Lair:2   | Reached skill level 1 in Invocations
 13407 | Lair:2   | Gained mutation: Your demonic aura causes spilled blood to erupt in flames. [demonic ancestry]
 13407 | Lair:2   | Reached XP level 12. HP: 58/101 MP: 7/13
 14551 | Lair:3   | Noticed Azzok's ghost (journeyman MiFi)
 14571 | Lair:3   | Noticed Rupert
 14672 | Lair:3   | Paralysed by Rupert for 5 turns
 14691 | Lair:3   | Killed Rupert
 14773 | Lair:2   | Was forgiven by Dithmenos
 15098 | Lair:3   | Reached skill level 12 in Unarmed Combat
 15178 | Lair:3   | Killed Azzok's ghost
 15507 | Lair:3   | Reached skill level 13 in Unarmed Combat
 16467 | Lair:4   | Noticed Nergalle
 16476 | Lair:4   | Killed Nergalle
 16476 | Lair:4   | Reached skill level 10 in Invocations
 16476 | Lair:4   | Reached XP level 13. HP: 108/108 MP: 20/20
 16690 | Lair:4   | Found a hole to the Spider Nest.
 16695 | Lair:4   | Found a staircase to the Shoals.
 17063 | Lair:5   | Reached skill level 14 in Unarmed Combat
 17490 | Lair:5   | Reached ***** piety under Lugonu
 18286 | Lair:5   | Learned a level 2 spell: Swiftness
 18395 | Lair:6   | Entered Level 6 of the Lair of Beasts
 18450 | Lair:6   | Reached skill level 1 in Evocations
 18662 | Lair:6   | Found a staircase to the Slime Pits.
 18964 | Lair:6   | Reached skill level 15 in Unarmed Combat
 19573 | Lair:6   | Noticed a dire elephant
 19583 | Lair:6   | Killed a dire elephant
 19646 | Lair:6   | Reached skill level 5 in Dodging
 19838 | Lair:6   | Reached XP level 14. HP: 73/117 MP: 22/22
 20188 | Lair:6   | Learned a level 1 spell: Apportation
 20190 | Lair:6   | Learned a level 1 spell: Summon Butterflies
 20197 | Lair:6   | Learned a level 6 spell: Invisibility
 20990 | Orc:1    | Reached ****** piety under Lugonu
 21112 | Orc:1    | Noticed a stone giant
 21122 | Orc:1    | Corrupted Orc:1
 21122 | Orc:1    | Noticed a bone dragon
 21122 | Orc:1    | Noticed an ancient lich
 21125 | Orc:1    | Noticed a starcursed mass
 21128 | Orc:1    | Killed a stone giant
 21129 | Orc:1    | HP: 3/117 [soul eater[an orc sorcerer] (22)]
 21129 | Orc:1    | Mangled by a soul eater

Vault maps used:
D:1:      dpeg_arrival_simpleton_c
D:2:      first_bread
D:3:      grunt_temple_overflow_open, nicolae_underground_beach
D:4:      serial_park_tiny_pond, uniq_menkaure, uniq_duvessa, uniq_edmund
D:5:      hangedman_ru_absence
D:6:      lemuel_zombie_altar_kikubaaqudgha, serial_shops, shop,
          minmay_hollow_rounded_squares
D:7:      lemuel_crystal_altar, led_sif_pool,
          lemuel_mausoleum_altar_yredelemnul, minmay_temple_entry_junction_2
D:8:      minmay_flawed_box, basic_altar, serial_shops,
          nicolae_shop_window_shopping, hangedman_little_slice_of_home,
          uniq_gastronok
D:9:      david_lair_generic, zombieorc2_lemuel, serial_shops,
          nicolae_shop_stone
Lair:1:   minmay_lair_oklob_chamber, infiniplex_staircase_pool
Lair:2:   fungi_pond_lemuel, minivault_11, serial_bayou_pond_a, st_stairs_11,
          serial_bayou_lake_a, serial_bayou_shore_b
Lair:3:   st_stairs_6, uniq_rupert
Lair:4:   shoals_dummy_entry, spider_nest_entry_webs, minmay_hedge_maze,
          uniq_nergalle
Lair:5:   eino_house_with_fridge, lemuel_fruit_tree, lemuel_fruit_fields
Lair:6:   hangedman_lair_in_review, minmay_slime_entry_eyes, enter_volcano_3,
          kilobyte_rumbling_trees
Orc:1:    portal_ice_cave_entry_imps
Orc:2:    st_orc_open, uniq_nessos

Skill      XL: |  1  2  3  4  5  6  7  8  9 10 11 12 13 14 |
---------------+-------------------------------------------+-----
Short Blades   | 2 |  2.5
Fighting       | 3 4 5 6 8 9 10 11 | 11.9
Stealth        | 4 5 7 9 10 11 | 11.1
Unarmed Combat | 1 2 3 5 6 8 9 11 13 15 | 15.5
Dodging        | 2 5 |  5.4
Invocations    | 2 10 11 | 11.7
Evocations     | 3 4 |  4.4
Throwing       | |  1.7

Action                   |  1- 3 |  4- 6 |  7- 9 | 10-12 | 13-15 || total
-------------------------+-------+-------+-------+-------+-------++-------
Melee: Dagger            |   122 |   121 |    23 |       |       ||   266
       Unarmed           |       |       |   263 |   526 |   358 ||  1147
       Punch             |       |       |    13 |    30 |    40 ||    83
 Fire: Blowgun           |       |       |       |    11 |       ||    11
Throw: Javelin           |       |       |       |     4 |     1 ||     5
Invok: Depart the Abyss  |       |       |     1 |       |       ||     1
       Banish            |       |       |       |     3 |       ||     3
       Corrupt           |       |       |       |       |     1 ||     1
Evoke: Wand              |       |       |     3 |     4 |     3 ||    10
       Lightning rod     |       |       |       |     6 |       ||     6
  Use: Scroll            |     3 |     8 |    11 |    13 |     6 ||    41
       Potion            |       |     3 |     3 |     7 |     4 ||    17
 Stab: Sleeping          |    10 |    12 |    16 |    28 |    14 ||    80
       Distracted        |       |     2 |     2 |     4 |     2 ||    10
       Invisible         |       |       |       |     5 |       ||     5
       Paralysed         |       |       |       |       |     2 ||     2
  Eat: Chunk             |     1 |     8 |    22 |     4 |       ||    35
       Royal jelly       |       |       |     1 |     7 |     6 ||    14
       Fruit             |       |       |       |     4 |     2 ||     6
Armor: Robe              |    25 |    12 |    47 |   108 |    82 ||   274
       Skin              |       |       |     2 |     1 |       ||     3
Dodge: Dodged            |    43 |    53 |   130 |   250 |   177 ||   653
Block: Other             |       |       |       |    10 |    43 ||    53
       Reflection        |       |       |       |       |     2 ||     2

Table legend:
 A = Spawn XP
 B = Non-spawn XP
 C = Spawn XP percentage of total XP
 D = Spawn monster count
 E = Non-spawn monster count
 F = Spawn count percentage of total count
 G = Total turns spent on level
                    A         B        C        D         E        F      G
               +---------+---------+-------+---------+---------+-------+---------
         Total |       0 |   72269 |   0.0 |       0 |     551 |   0.0 | 21129
               +---------+---------+-------+---------+---------+-------+---------
           D:1 |       0 |      50 |   0.0 |       0 |      27 |   0.0 |   955
           D:2 |       0 |      91 |   0.0 |       0 |      32 |   0.0 |  1023
           D:3 |       0 |     144 |   0.0 |       0 |      28 |   0.0 |  1126
           D:4 |       0 |     947 |   0.0 |       0 |      27 |   0.0 |  1387
           D:5 |       0 |     744 |   0.0 |       0 |      26 |   0.0 |   835
           D:6 |       0 |     962 |   0.0 |       0 |      23 |   0.0 |  1482
           D:7 |       0 |     544 |   0.0 |       0 |       6 |   0.0 |   927
           D:8 |       0 |    4522 |   0.0 |       0 |      66 |   0.0 |  1929
           D:9 |       0 |    4210 |   0.0 |       0 |      65 |   0.0 |  1760
        Lair:1 |       0 |    5487 |   0.0 |       0 |      22 |   0.0 |   982
        Lair:2 |       0 |    5096 |   0.0 |       0 |      23 |   0.0 |  1744
        Lair:3 |       0 |    9810 |   0.0 |       0 |      23 |   0.0 |  1330
        Lair:4 |       0 |    5417 |   0.0 |       0 |      16 |   0.0 |  1011
        Lair:5 |       0 |    9014 |   0.0 |       0 |      63 |   0.0 |  1421
        Lair:6 |       0 |   21916 |   0.0 |       0 |      66 |   0.0 |  2444
         Orc:1 |       0 |    1876 |   0.0 |       0 |      17 |   0.0 |   303
         Orc:2 |       0 |    1439 |   0.0 |       0 |      21 |   0.0 |   453
               +---------+---------+-------+---------+---------+-------+---------
